 Dungeon Crawl Stone Soup version 0.28.0-53-g5a82cb258f (webtiles) character file.

Game seed: 462942754309920455

705 Infinimo the Cudgeller (level 7, -4/63 HPs)
             Began as a Minotaur Berserker on June 4, 2022.
             Was a Believer of Trog.
             Slain by Pikel
             ... wielding a +0 whip of freezing
              (7 damage)
             ... on level 8 of the Dungeon.
             The game lasted 00:04:11 (4531 turns).

Infinimo the Cudgeller (Minotaur Berserker)         Turns: 4531, Time: 00:04:11

Health: -4/63      AC:  5    Str: 27    XL:     7   Next: 39%
Magic:  6/6        EV:  7    Int:  4    God:    Trog [**....]
Gold:   231        SH: 10    Dex:  9    Spells: 6/6 levels left

rFire   . . .      SeeInvis .   u - +0 flail (protect)
rCold   . . .      Faith    .   a - +0 tower shield
rNeg    . . .      Spirit   .   b - +0 animal skin
rPois   .          Reflect  .   (helmet restricted)
rElec   .          Harm     .   (no cloak)
rCorr   .          Rampage  .   e - +2 pair of gloves {Str+3}
Will    .....                   (no boots)
Stlth   +.........              (no amulet)
HPRegen 0.20/turn               (no ring)
MPRegen 0.10/turn               (no ring)

@: on berserk cooldown
A: horns 2, retaliatory headbutt
a: Renounce Religion, Berserk, Trog's Hand


You were on level 8 of the Dungeon.
You worshipped Trog.
Trog was pleased with you.
You visited 1 branch of the dungeon, and saw 6 of its levels.

You collected 273 gold pieces.
You spent 42 gold pieces at shops.

Inventory:

Hand Weapons
 u - a +0 flail of protection (weapon)
Missiles
 c - 13 poisoned darts
 h - 2 datura-tipped darts (quivered)
Armour
 a - a +0 tower shield (worn)
 b - a +0 animal skin (worn)
 e - a +2 pair of gloves of strength (worn)
Jewellery
 k - a ring of positive energy
 o - a ring of resist corrosion
Wands
 r - a wand of polymorph (8)
Scrolls
 d - 4 scrolls of teleportation
 f - a scroll of holy word
Potions
 g - 3 potions of heal wounds
 l - a potion of brilliance
 q - a potion of flight
 t - a potion of curing {unknown}


   Skills:
 + Level 6.0 Fighting
 * Level 7.8 Maces & Flails
 - Level 5.2 Armour
 - Level 2.1 Dodging
 * Level 1.1 Shields


You had 6 spell levels left.
You didn't know any spells.
Your spell library was empty.

Dungeon Overview and Level Annotations

Branches:
Dungeon (5/15)             Temple (0/1) D:4

Altars:
Dithmenos

Shops:
D:1 ?   D:2 ?   D:3 [

Annotations:
D:8 Pikel


Innate Abilities, Weirdness & Mutations

You have a pair of horns on your head.
You reflexively headbutt those who attack you in melee.


Message History

Pikel barely misses you. You furiously retaliate!
You headbutt Pikel.
Pikel hits you with a +0 whip of freezing.
Pikel freezes you.
You sock Pikel!
Your weapon exudes an aura of protection.
Your headbutt misses Pikel.
Pikel is almost dead.
The lemure hits you but does no damage. You block Pikel's attack.
The lemure hits you but does no damage. You block Pikel's attack.
Unknown command.
You closely miss Pikel.
Pikel is almost dead.
Pikel hits you with a +0 whip of freezing.
Pikel freezes you. You block the lemure's attack. The lemure hits you.
Pikel barely misses you. The lemure hits you! The lemure hits you.
The lemure barely misses you. Pikel hits you but does no damage.
Unknown command.
You closely miss Pikel.
Pikel is almost dead.
You block the lemure's attack.
The lemure hits you but does no damage. x2
You block Pikel's attack. The lemure closely misses you.
The lemure barely misses you. You furiously retaliate!
You headbutt the lemure.
Pikel hits you with a +0 whip of freezing!
* * * LOW HITPOINT WARNING * * *
Pikel freezes you.
* * * LOW HITPOINT WARNING * * *
You closely miss Pikel.
Pikel is almost dead.
You feel yourself speed up. The lemure hits you but does no damage.
The lemure hits you.
* * * LOW HITPOINT WARNING * * *
The lemure closely misses you. The lemure barely misses you.
You furiously retaliate!
You headbutt the lemure. You block Pikel's attack. The lemure hits you.
* * * LOW HITPOINT WARNING * * *
The lemure hits you but does no damage. The lemure hits you.
* * * LOW HITPOINT WARNING * * *
The lemure closely misses you.
Pikel hits you with a +0 whip of freezing!
You die...
KK

.... .. .. K.. ...#. $.....
K... .... ......
.....#..###.#..#
......>.......# #......###. ##
#.............. .. #.K55..##
.... ... #.5@5..# ##.###.# .
###########......###..#...#..
#........###.................
#........# #.................
#........# #))....##........#
#........###))...#....## .
#..................##.## .#
#........###.#.>...##..###.#
#.........|......#####.....##.


You could see Pikel and 4 lemures.

Vanquished Creatures
  Grinder (D:4)
  2 phantoms (D:4)
  A kobold brigand (D:8)
  A water moccasin skeleton (D:4)
  2 jellies
  An orc priest (D:4)
  2 iguanas (D:4)
  Robin (D:4)
  2 adders
  A dart slug (D:4)
  An orc (D:4)
  7 endoplasms
  15 goblins
  6 hobgoblins
  3 jackals (D:4)
  13 kobolds
  A quokka (D:1)
  6 ball pythons
  8 bats
  5 frilled lizards
  7 rats
86 creatures vanquished.

Notes
Turn   | Place    | Note
-------+----------+-------------------------------------------
     0 | D:1      | Infinimo the Minotaur Berserker began the quest for the
                  | Orb.
     0 | D:1      | Reached XP level 1. HP: 19/19 MP: 0/0
   140 | D:1      | Reached skill level 4 in Maces & Flails
   141 | D:1      | Reached XP level 2. HP: 26/27 MP: 1/1
   399 | D:1      | Found Joxysebona's Magic Scroll Boutique.
   871 | D:2      | Reached ** piety under Trog
   900 | D:2      | Found a faded altar of an unknown god.
  1296 | D:2      | Reached XP level 3. HP: 29/33 MP: 2/2
  1447 | D:2      | Found Xuajyxt's Magic Scroll Shop.
  1468 | D:2      | Bought a scroll of teleportation for 42 gold pieces
  1895 | D:3      | Found a shadowy altar of Dithmenos.
  1918 | D:3      | Found Qeuw's Armour Shoppe.
  2467 | D:4      | Noticed Robin
  3186 | D:4      | Killed Robin
  3187 | D:4      | Reached skill level 5 in Maces & Flails
  3187 | D:4      | Reached XP level 4. HP: 23/40 MP: 3/3
  3423 | D:4      | Reached XP level 5. HP: 37/47 MP: 4/4
  3437 | D:4      | Noticed a phantom
  3565 | D:4      | Killed a phantom
  3566 | D:4      | Reached skill level 6 in Maces & Flails
  3654 | D:4      | Noticed a phantom
  3663 | D:4      | Killed a phantom
  3664 | D:4      | Reached skill level 5 in Fighting
  3664 | D:4      | Reached XP level 6. HP: 56/56 MP: 5/5
  3773 | D:4      | Found a staircase to the Ecumenical Temple.
  3835 | D:4      | Noticed Grinder
  3847 | D:4      | Paralysed by Grinder for 3 turns
  3857 | D:4      | Paralysed by Grinder for 2 turns
  3859 | D:4      | Killed Grinder
  3860 | D:4      | Reached skill level 7 in Maces & Flails
  3860 | D:4      | Reached skill level 5 in Armour
  3860 | D:4      | Reached XP level 7. HP: 38/62 MP: 6/6
  4319 | D:5      | Entered Level 5 of the Dungeon
  4381 | D:5      | You fall into a shaft and drop 3 floors!
  4503 | D:8      | Reached skill level 1 in Shields
  4523 | D:8      | Noticed Pikel
  4531 | D:8      | HP: 3/63 [lemure[Pikel] (6)]
  4531 | D:8      | Slain by Pikel

Illustrated notes

Levels and vault maps discovered:
D:1:      dpeg_arrival_snail, layout_basic, serial_shops, nicolae_square_shop,
          grunt_decor_fettered, minmay_hexomino_p4
D:2:      layout_loops_ring, hellmonk_ecumenical_altar_slurped_away,
          serial_shops, shop_fountains, corner_web_ring, mrwooster_statue_mirror
D:3:      layout_basic, grunt_dithmenos_smoke, serial_shops,
          nicolae_diamond_shop
D:4:      layout_cave_pools, minmay_temple_entry_proselytizer,
          corexii_item_surrounded_by_moat, uniq_grinder, uniq_robin
D:5:      layout_layer_cave, uniq_eustachio
D:8:      layout_rooms, xom_teletrap_fun, serial_shops, shop, uniq_erica,
          uniq_pikel

Skill      XL: |  1  2  3  4  5  6  7 |
---------------+----------------------+-----
Maces & Flails | 4 5 6 7 |  7.8
Fighting       | 4 5 6 |  6.0
Armour         | 3 4 5 |  5.2
Shields        | 1 |  1.1
Dodging        | |  2.1

Action                   |  1- 3 |  4- 6 |  7- 9 || total
-------------------------+-------+-------+-------++-------
Melee: Mace              |    84 |    57 |     4 ||   145
       Headbutt          |     6 |     5 |     2 ||    13
       Unarmed           |       |     5 |       ||     5
       Flail             |       |       |    20 ||    20
Invok: Berserk           |     5 |     4 |     1 ||    10
  Use: Scroll            |     1 |       |    10 ||    11
Armor: Animal skin       |    23 |    10 |    13 ||    46
Dodge: Dodged            |    89 |    39 |    16 ||   144
Block: Tower shield      |       |       |    11 ||    11
